 Dungeon Crawl Stone Soup version 0.29-a0-520-gc852659 (webtiles) character file.

Game seed: 9657679702434342866

15560 lyrin the Blocker (level 12, -4/88 HPs)
             Began as a Barachi Hedge Wizard on May 31, 2022.
             Was a Follower of Uskayaw.
             Slain by a two-headed ogre
             ... wielding a +0 giant club
              (13 damage)
             ... on level 1 of the Orcish Mines.
             The game lasted 00:19:55 (11690 turns).

lyrin the Blocker (Barachi Hedge Wizard)           Turns: 11690, Time: 00:19:56

Health: -4/88      AC: 11    Str: 11    XL:     12   Next: 28%
Magic:  0/18       EV: 17    Int: 16    God:    Uskayaw [*.....]
Gold:   978        SH: 12    Dex: 16    Spells: 18/19 levels left

rFire   + . .      SeeInvis .   F - +12 trident of the Endless Expanse {elec, rN+ Will+}
rCold   . . .      Faith    .   j - +0 kite shield
rNeg    + . .      Spirit   +   L - +3 leather armour
rPois   .          Reflect  .   c - +0 hat
rElec   .          Harm     .   q - +0 cloak
rCorr   .          Rampage  .   H - +0 pair of gloves
Will    +....                   G - +1 pair of boots
Stlth   ++........              Y - amulet of guardian spirit
HPRegen 0.24/turn               g - +4 ring of evasion
MPRegen 0.16/turn               l - ring of protection from fire

@: unable to hop, slow
A: amphibious, slowness 1, strong legs 1, +LOS
a: Hop, Renounce Religion, Stomp


You were on level 1 of the Orcish Mines.
You worshipped Uskayaw.
Uskayaw was noncommittal.
You visited 3 branches of the dungeon, and saw 12 of its levels.
You also visited: Ossuary.

You collected 978 gold pieces.

Inventory:

Hand Weapons
 e - the +10 falchion of Noxious Responsibility {venom, rPois}
   (You found it on level 5 of the Dungeon)

   It poisons the flesh of those it strikes.
   rPois:     It protects you from poison.
 y - the +7 whip of an ice cave {flame, Str+3}
   (You found it on level 3 of the Dungeon)

   It burns those it strikes, dealing additional fire damage.
   Str:       It affects your strength (+3).
 F - the +12 trident of the Endless Expanse (weapon) {elec, rN+ Will+}
   (You took it off a centaur on level 7 of the Dungeon)

   It occasionally discharges a powerful burst of electricity upon striking a
   foe.
   rN:        It protects you from negative energy.
   Will:      It increases your willpower.
Armour
 c - a +0 hat (worn)
 j - a +0 kite shield (worn)
 q - a +0 cloak (worn)
 G - a +1 pair of boots (worn)
 H - a +0 pair of gloves (worn)
 L - a +3 leather armour (worn)
Jewellery
 a - a ring of protection from fire
 g - a +4 ring of evasion (left hand)
 h - an amulet of regeneration
 l - a ring of protection from fire (right hand)
 v - a ring of positive energy
 x - a +6 ring of dexterity
 J - a +6 ring of strength
 U - a ring of protection from cold
 W - a ring of positive energy
 Y - an amulet of guardian spirit (around neck)
Wands
 m - a wand of iceblast (16)
 o - a wand of mindburst (8)
 u - a wand of paralysis (14)
 O - a wand of polymorph (4)
 V - a wand of flame (18)
Scrolls
 b - 3 scrolls of blinking {unknown}
 n - 13 scrolls of identify {unknown}
 p - a scroll of silence {unknown}
 r - 7 scrolls of teleportation {unknown}
 t - 2 scrolls of fear {unknown}
 w - 2 scrolls of amnesia {unknown}
 D - 6 scrolls of enchant armour {unknown}
 I - 2 scrolls of poison {unknown}
 K - 3 scrolls of enchant weapon {unknown}
 P - 2 scrolls of fog {unknown}
 R - 2 scrolls of magic mapping {unknown}
 T - a scroll of noise {unknown}
 X - a scroll of immolation {unknown}
Potions
 d - 2 potions of magic
 f - 9 potions of curing
 i - 4 potions of attraction {unknown}
 k - 4 potions of degeneration {unknown}
 s - 3 potions of berserk rage {unknown}
 z - 4 potions of lignification {unknown}
 A - a potion of invisibility {unknown}
 B - 5 potions of brilliance {unknown}
 C - 4 potions of might {unknown}
 E - 5 potions of cancellation {unknown}
 M - 2 potions of flight {unknown}
 Q - 2 potions of haste {unknown}
 S - a potion of ambrosia {unknown}
Miscellaneous
 N - a box of beasts


   Skills:
 + Level 6.1 Fighting
 - Level 1.1(5.8) Short Blades
 - Level 10.0(10.1) Long Blades
 - Level 2.0 Maces & Flails
 * Level 8.6 Polearms
 - Level 4.0 Armour
 + Level 6.8 Dodging
 - Level 1.7 Stealth
 * Level 10.5 Shields
 - Level 4.0 Spellcasting
 - Level 7.7 Conjurations
 - Level 1.2 Summonings
 + Level 1.1 Translocations
 * Level 3.4 Invocations


You had 18 spell levels left.
You knew the following spells:

 Your Spells              Type           Power      Damage    Failure   Level
a - Magic Dart            Conj           100%       1d8       1%          1

Your spell library contained the following spells:

 Spells                   Type           Power      Damage    Failure   Level
 Summon Small Mammal      Summ           28%        N/A       28%         1
 Conjure Flame            Conj/Fire      15%        6-21      28%         3
 Apportation              Tloc           12%        N/A       30%         1
 Blink                    Tloc           12%        N/A       41%         2
 Call Imp                 Summ           7%         N/A       41%         2
 Necrotize                Necr           12%        1d4       43%         1
 Slow                     Hex            12%        N/A       43%         1
 Mephitic Cloud           Conj/Pois/Air  11%        N/A       43%         3
 Poisonous Vapours        Pois/Air       6%         N/A       56%         2
 Tukima's Dance           Hex            3%         N/A       80%         3
 Passage of Golubria      Tloc           6%         N/A       96%         4
 Corpse Rot               Necr/Pois/Air  3%         N/A       99%         4
 Yara's Violent Unravell  Hex/Tmut       1%         3d3       100%        5


Dungeon Overview and Level Annotations

Branches:
Dungeon (9/15)             Temple (1/1) D:7             Orc (2/2) D:9
    Elf (0/3) Orc:2       Ossuary (visited)
   Lair: D:8-11

Altars:
Ashenzari
Cheibriados
Dithmenos
Elyvilon
Fedhas
Gozag
Hepliaklqana
Kikubaaqudgha
Makhleb
Nemelex Xobeh
Okawaru
Qazlal
Ru
Sif Muna
Trog
Uskayaw
Vehumet
Wu Jian
Xom
Yredelemnul
Zin
The Shining One
Beogh

Shops:
D:1 !   D:5 =


Innate Abilities, Weirdness & Mutations

You are amphibious.
You cover ground slowly.
You can hop short distances.
You have an extended range of vision and can be seen from far away.


Message History

Hop to where?
Press: ? - help, Dir - move target Boing!
Unknown command.
The two-headed ogre misses you.
The two-headed ogre completely misses you.
You climb upwards.
There is a stone staircase leading down here.
Unknown command.
Reach: F) +12 trident of the Endless Expanse {elec, rN+ Will+}
Press: ? - help, Dir - move target, f - two-headed ogre
Aim: a two-headed ogre, wielding two +0 giant clubs (heavily wounded, fast, about 16% to evade the +12 trident of the Endless Expanse)
You barely miss the two-headed ogre.
The two-headed ogre is heavily wounded.
The two-headed ogre misses you. x2
Reach: F) +12 trident of the Endless Expanse {elec, rN+ Will+}
Press: ? - help, Dir - move target, f/p - two-headed ogre
Aim: a two-headed ogre, wielding two +0 giant clubs (heavily wounded, fast, about 16% to evade the +12 trident of the Endless Expanse)
You barely miss the two-headed ogre.
The two-headed ogre is heavily wounded.
The two-headed ogre hits you with a +0 giant club! x2
* * * LOW HITPOINT WARNING * * *
Aiming: Iceblast
Press: ? - help, Shift-Dir - straight line, p - two-headed ogre The mass of ice explodes!
The iceblast engulfs the two-headed ogre!
The two-headed ogre is severely wounded.
The two-headed ogre hits you with a +0 giant club!
* * * LOW HITPOINT WARNING * * *
You block the two-headed ogre's attack.
Okay, then.
You barely miss the two-headed ogre.
The two-headed ogre is severely wounded.
The two-headed ogre hits you with a +0 giant club!
* * * LOW HITPOINT WARNING * * *
You block the two-headed ogre's attack.
You puncture the two-headed ogre!
The two-headed ogre is almost dead.
The two-headed ogre hits you with a +0 giant club!
You die...

##.## ##.###.#.#.....##### ##...#
#...#...........##.####
....#####.......#......#...#.##
...#..####....................#
.......####..##............#.##
.......##....##........#....##
..............#........#.....#
....#............O..........##
....#..........[@..........##
.....#...........).........##
#...#.#.....................#
##.#.......................##
####.....................##
#####.............#..##..##
##.#.##...............#....# ###
#....))...................## ##.#
##.#.##.##...............#.###...


You could see a two-headed ogre (fast).

Vanquished Creatures
  The ghost of afterthought the Carver, a journeyman PaFi of Nemelex Xobeh (D:9)
  A boulder beetle (D:9)
  A hydra (D:7)
  Erolcha (D:9)
  Pikel (D:7)
  An orc knight (Orc:1)
  4 orc sorcerers
  2 cyclopes (D:7)
  An unseen horror (D:7)
  Maggie (D:7)
  5 trolls
  A slime creature (D:7)
  3 wraiths
  Eustachio (D:3)
  6 yaks
  Grum (D:8)
  A steam dragon (D:9)
  A vampire mosquito (D:7)
  Menkaure (D:7)
  3 wargs
  4 water moccasins
  4 ice beasts
  2 black bears
  17 orc warriors
  6 ogres
  2 sky beasts
  4 wolves
  3 centaurs
  A lemure (D:7)
  A kobold brigand (D:7)
  2 bullfrogs
  2 necrophages (D:5)
  2 scorpions
  2 gnoll sergeants
  3 howler monkeys
  8 hounds
  A jelly (D:7)
  12 orc priests
  4 iguanas
  9 orc wizards
  3 mummies (Ossuary)
  16 gnolls
  10 adders
  A white imp (D:7)
  3 ufetubi
  2 worms (D:2)
  2 dart slugs
  64 orcs
  8 ball pythons
  5 bats
  5 endoplasms
  3 giant cockroaches
  A gnoll zombie (Ossuary)
  7 goblins
  4 hobgoblins
  6 jackals
  5 quokkas
  4 frilled lizards
  A goblin zombie (Ossuary)
  2 hobgoblin zombies (Ossuary)
  8 kobolds
  2 kobold zombies (Ossuary)
  A quokka zombie (D:8)
  7 rats
296 creatures vanquished.

Vanquished Creatures (others)
  3 gnolls
  A quokka zombie (D:8)
  4 plants (D:4)
8 creatures vanquished.

Grand Total: 304 creatures vanquished

Notes
Turn   | Place    | Note
-------+----------+-------------------------------------------
     0 | D:1      | lyrin the Barachi Hedge Wizard began the quest for the Orb.
     0 | D:1      | Reached XP level 1. HP: 13/13 MP: 4/4
    14 | D:1      | Found Daajupso's Distillery.
   349 | D:1      | Reached XP level 2. HP: 19/19 MP: 4/6
  1097 | D:1      | Found a faded altar of an unknown god.
  1369 | D:2      | Reached XP level 3. HP: 24/24 MP: 6/8
  2181 | D:1      | Reached skill level 1 in Short Blades
  2181 | D:1      | Reached XP level 4. HP: 28/30 MP: 5/10
  3006 | D:3      | Reached skill level 1 in Armour
  3298 | D:3      | Identified the +7 whip of an ice cave {flame, Str+3}
  3441 | D:3      | Reached XP level 5. HP: 36/36 MP: 11/11
  3896 | D:3      | Reached skill level 1 in Shields
  3921 | D:4      | Noticed Eustachio
  4136 | D:3      | Reached skill level 1 in Maces & Flails
  4150 | D:3      | Killed Eustachio
  4151 | D:3      | Reached skill level 1 in Fighting
  4151 | D:3      | Reached XP level 6. HP: 29/43 MP: 12/12
  4227 | D:4      | Found a shimmering altar of Xom.
  4287 | D:4      | Reached XP level 7. HP: 48/48 MP: 13/13
  4448 | D:4      | Identified the +6 spear of the Abyss {elec, MP+9}
  4777 | D:5      | Entered Level 5 of the Dungeon
  4777 | D:5      | Found Voucoel's Jewellery Emporium.
  4787 | D:5      | Reached skill level 1 in Polearms
  4885 | D:5      | Reached XP level 8. HP: 52/56 MP: 14/14
  4977 | D:5      | Identified the +10 falchion of Noxious Responsibility
                  | {venom, rPois}
  5056 | D:5      | Reached skill level 5 in Conjurations
  5093 | D:5      | Reached skill level 1 in Long Blades
  5444 | D:6      | Identified the +2 robe "Qavuoz" {rElec rF- rCorr}
  5624 | D:6      | Reached skill level 5 in Shields
  5919 | D:7      | Found a staircase to the Ecumenical Temple.
  5932 | Temple   | Entered the Ecumenical Temple
  6004 | Temple   | Became a worshipper of Uskayaw the Reveller
  6069 | D:7      | Reached * piety under Uskayaw
  6070 | D:7      | Reached ** piety under Uskayaw
  6073 | D:7      | Reached *** piety under Uskayaw
  6077 | D:7      | Reached **** piety under Uskayaw
  6143 | D:7      | Noticed Pikel
  6160 | D:7      | Killed Pikel
  6161 | D:7      | Reached skill level 5 in Long Blades
  6161 | D:7      | Reached XP level 9. HP: 59/64 MP: 15/15
  6179 | D:7      | Noticed Menkaure
  6185 | D:7      | Killed Menkaure
  6256 | D:7      | Noticed Maggie
  6267 | D:7      | Killed Maggie
  6641 | D:7      | Noticed a cyclops
  6652 | D:7      | Reached XP level 10. HP: 71/71 MP: 16/16
  6655 | D:7      | Killed a cyclops
  6762 | D:7      | Reached skill level 5 in Dodging
  6806 | D:7      | Noticed a cyclops
  6826 | D:7      | Reached ***** piety under Uskayaw
  6829 | D:7      | Killed a cyclops
  6830 | D:7      | Identified the +12 trident of the Endless Expanse {elec,
                  | rN+ Will+}
  6830 | D:7      | Identified the +0 robe of the Arcane {Regen+}
  6837 | D:7      | Reached ****** piety under Uskayaw
  6915 | D:7      | Reached skill level 10 in Long Blades
  6961 | D:7      | Noticed an eight-headed hydra
  6969 | D:7      | Killed an eight-headed hydra
  6970 | D:7      | Reached skill level 5 in Fighting
  7062 | D:7      | Killed an unseen horror
  7308 | D:8      | Noticed Grum
  7323 | D:7      | Reached XP level 11. HP: 59/80 MP: 17/17
  7341 | D:8      | Killed Grum
  7409 | D:7      | Reached skill level 1 in Invocations
  7728 | D:8      | Found a sand-covered staircase.
  7735 | Ossuary  | Entered an ossuary
  7788 | Ossuary  | Reached skill level 5 in Polearms
  8885 | D:9      | Noticed a boulder beetle
  8901 | D:9      | Killed a boulder beetle
  8919 | D:9      | Found a large runed translucent door.
  8920 | D:9      | Found a large runed translucent door.
  8924 | D:9      | Noticed afterthought's ghost (journeyman PaFi)
  9078 | D:9      | Noticed Erolcha
  9082 | D:9      | Killed Erolcha
  9105 | D:9      | Found a staircase to the Orcish Mines.
  9255 | D:9      | Identified the +7 scale mail of Kurutash {Drain Str+2
                  | Dex+2}
  9865 | D:9      | Killed afterthought's ghost
  9954 | Orc:1    | Entered Level 1 of the Orcish Mines
  9954 | Orc:1    | Noticed an orc sorcerer
  9973 | D:9      | Killed an orc sorcerer
 10007 | Orc:1    | Noticed an orc sorcerer
 10041 | D:9      | Killed an orc sorcerer
 10193 | D:9      | Reached skill level 10 in Shields
 10255 | Orc:1    | Reached XP level 12. HP: 43/87 MP: 12/18
 11064 | Orc:2    | Entered Level 2 of the Orcish Mines
 11081 | Orc:2    | Found a staircase to the Elven Halls.
 11663 | Orc:2    | Noticed an ogre mage
 11663 | Orc:2    | Noticed a two-headed ogre
 11664 | Orc:2    | Noticed an ogre mage
 11664 | Orc:2    | Noticed a two-headed ogre
 11664 | Orc:2    | Noticed a two-headed ogre
 11664 | Orc:2    | Noticed a two-headed ogre
 11690 | Orc:1    | Slain by a two-headed ogre

Illustrated notes

Levels and vault maps discovered:
D:1:      heliophobic_arrival_glass_houses, layout_basic,
          ebering_ecumenical_altar_abandoned, serial_shops,
          nicolae_diamond_shop, corner_web_ring
D:2:      cheibrodos_pilgrimage, layout_loops_ring
D:3:      layout_basic, st_stairs_9
D:4:      minmay_diamond_boxcup, layout_cave_pools, xom_butterflies,
          serial_bayou_pond_c, uniq_eustachio
D:5:      layout_rooms, serial_shops, shop, kennysheep_boxes
D:6:      layout_gridville
D:7:      minmay_the_grid_triangle_9x9_rhombus_full
          [minmay_the_grid_triangle_9x9_limited_checkers,
          minmay_the_grid_triangle_9x9_from_above,
          minmay_the_grid_triangle_9x9_dagger,
          minmay_the_grid_triangle_9x9_pentomino_pain,
          minmay_the_grid_triangle_9x9_swiss_cheese,
          minmay_the_grid_triangle_9x9_warning,
          minmay_the_grid_triangle_9x9_longest,
          minmay_the_grid_triangle_9x9_prize_top_heavy], layout_loops_ring,
          minmay_temple_entry_statues_fountains, uniq_menkaure, uniq_maggie,
          uniq_pikel
D:8:      layout_layer_cave, enter_ossuary_4, hangedman_decor_lopped, uniq_grum
D:9:      layout_basic, erik_orc_3, ebering_ghost_disaster_area, uniq_erolcha
Temple:   kilobyte_greek_temple
Orc:1:    nicolae_orc_accident_2, layout_caves
Orc:2:    st_orc_open, layout_diamond_mine, nicolae_orc_rockfall

Skill      XL: |  1  2  3  4  5  6  7  8  9 10 11 12 |
---------------+-------------------------------------+-----
Spellcasting   | 4 |  4.0
Conjurations   | 2 3 4 5 6 7 |  7.7
Short Blades   | 1 |  1.1
Armour         | 1 3 4 |  4.0
Shields        | 2 4 5 6 8 10 | 10.5
Maces & Flails | 1 2 |  2.0
Fighting       | 1 3 4 5 6 |  6.1
Dodging        | 3 4 5 6 |  6.8
Polearms       | 2 3 7 8 |  8.6
Long Blades    | 5 8 10 | 10.0
Invocations    | 3 |  3.4
Stealth        | |  1.7
Summonings     | |  1.2
Translocations | |  1.1

Action                   |  1- 3 |  4- 6 |  7- 9 | 10-12 || total
-------------------------+-------+-------+-------+-------++-------
Melee: Dagger            |    55 |    23 |       |       ||    78
       Whip              |       |   120 |     7 |       ||   127
       Spear             |       |       |    71 |       ||    71
       Falchion          |       |       |   145 |    48 ||   193
       Trident           |       |       |       |   437 ||   437
 Cast: Magic Dart        |   101 |    21 |       |       ||   122
 Abil: Hop               |       |       |       |     3 ||     3
Evoke: Wand              |       |       |       |     1 ||     1
  Use: Potion            |       |       |       |     1 ||     1
 Stab: Paralysed         |       |       |     6 |    31 ||    37
       Sleeping          |       |       |       |     1 ||     1
Armor: Robe              |    10 |       |       |       ||    10
       Leather armour    |     6 |     3 |       |   108 ||   117
       Ring mail         |       |    48 |    54 |       ||   102
       Steam dragon scal |       |       |    12 |     1 ||    13
Dodge: Dodged            |    51 |    93 |   122 |   336 ||   602
Block: Kite shield       |       |    78 |   106 |   370 ||   554

Table legend: (Time is in decaauts)
 A = Elapsed time spent in this place.
 B = Non-inter-level travel time spent in this place.
 C = Inter-level travel time spent in this place.
 D = Time resting spent in this place.
 E = Time spent auto-exploring this place.
 F = Levels seen in this place.
 G = Mean time per level.
                   A        B        C        D        E       F      G
               +--------+--------+--------+--------+--------+-----+--------+
         Total |  13352 |  12767 |    585 |    935 |   8821 |  13 | 1027.1 |
       Dungeon |  11185 |  10684 |    501 |    596 |   7503 |   9 | 1242.8 |
        Temple |    132 |     88 |     44 |      0 |     53 |   1 |  132.0 |
  Orcish Mines |   1638 |   1599 |     39 |    339 |    971 |   2 |  819.0 |
       Ossuary |    396 |    396 |      0 |      0 |    293 |   1 |  396.0 |
               +--------+--------+--------+--------+--------+-----+--------+

Top non-repeatable levels by time:
     D:3: 1740 daAuts
     D:1: 1639 daAuts
     D:7: 1582 daAuts
     D:9: 1498 daAuts
     D:8: 1418 daAuts
   Orc:1: 1295 daAuts
     D:2: 1237 daAuts
     D:4: 807 daAuts
     D:6: 705 daAuts
     D:5: 557 daAuts
 Ossuary: 396 daAuts
   Orc:2: 342 daAuts
  Temple: 132 daAuts
